 Seeded DCSS version 0.27.1-34-g3ba077fa99 (webtiles) character file.

Game seed: 1001837481477946641 (custom seed)

401 voltaire321 the Magician (level 6, -3/35 HPs)
             Began as a Deep Elf Venom Mage on Jan 9, 2022.
             Was a Follower of Sif Muna.
             Slain by a phantom (4 damage)
             ... on level 4 of the Dungeon.
             The game lasted 00:21:33 (5136 turns).

voltaire321 the Magician (Deep Elf Venom Mage)      Turns: 5136, Time: 00:21:34

Health: -3/35      AC:  4    Str:  6    XL:     6   Next: 54%
Magic:  11/14      EV: 14    Int: 21    God:    Sif Muna [*.....]
Gold:   125        SH:  0    Dex: 17    Spells: 4/14 levels left

rFire    + . .     SeeInvis .   l - +1 dagger (venom)
rCold    . . .     Faith    .   (no shield)
rNeg     . . .     Spirit   .   i - +2 animal skin
rPois    .         Reflect  .   (no helmet)
rElec    +         Harm     .   (no cloak)
rCorr    .         Rampage  .   (no gloves)
Will     .....                  (no boots)
Stlth    +.........             (no amulet)
HPRegen  0.11/turn              d - ring "Ytoot" {Wiz rF+}
MPRegen  0.14/turn              a - ring "Roskeg" {Wiz rElec Dex+2 Stlth-}

@: no status effects
A: no striking features
a: Renounce Religion, Channel Magic


You were on level 4 of the Dungeon.
You worshipped Sif Muna.
Sif Muna was aware of your devotion.
You visited 1 branch of the dungeon, and saw 6 of its levels.

You collected 125 gold pieces.

Inventory:

Hand Weapons
 l - a +1 dagger of venom (weapon)
Armour
 i - a +2 animal skin (worn)
Jewellery
 a - the ring "Roskeg" (right hand) {Wiz rElec Dex+2 Stlth-}
   (You acquired it on level 3 of the Dungeon)

   [ring of wizardry]

   It improves your spell success rate.
   Dex:       It affects your dexterity (+2).
   rElec:     It insulates you from electricity.
   Stlth:     It makes you less stealthy.
 d - the ring "Ytoot" (left hand) {Wiz rF+}
   (You acquired it on level 1 of the Dungeon)

   [ring of wizardry]

   It improves your spell success rate.
   rF:        It protects you from fire.
Scrolls
 b - a scroll of amnesia
 e - 2 scrolls of identify
 g - a scroll of fear {unknown}
 h - a scroll of noise {unknown}
Potions
 f - 2 potions of lignification


   Skills:
 + Level 2.0 Fighting
 + Level 4.1 Dodging
 + Level 2.4 Stealth
 + Level 4.6 Spellcasting
 + Level 2.2 Conjurations
 - Level 3.0 Transmutations
 + Level 4.3 Poison Magic
 + Level 1.5 Invocations


You had 4 spell levels left.
You knew the following spells:

 Your Spells              Type           Power      Damage    Failure   Level
a - Sting                 Tmut/Pois      80%        1d7       1%          1
b - Poisonous Vapours     Pois/Air       28%        N/A       1%          2
c - Mephitic Cloud        Conj/Pois/Air  14%        N/A       4%          3
d - Olgreb's Toxic Radia  Pois           23%        N/A       5%          4

Your spell library contained the following spells:

 Spells                   Type           Power      Damage    Failure   Level
 Leda's Liquefaction      Hex/Erth       2%         N/A       28%         4
 Bolt of Magma            Conj/Fire/Erth 4%         4d5       50%         5
 Statue Form              Tmut/Erth      7%         N/A       90%         6


Dungeon Overview and Level Annotations

Branches:
Dungeon (6/15)
 Temple: D:4-7

Altars:
Fedhas
Okawaru
Sif Muna
Uskayaw
Xom
Yredelemnul

Annotations:
D:3 3 runed translucent doors, Fractals's ghost, amateur TeSu; Grinder
D:6 Maggie


Message History

You hit the phantom but do no damage.
The phantom is lightly damaged.
The phantom closely misses you.
You hit the phantom but do no damage.
The phantom is lightly damaged.
The phantom barely misses you.
You hit the phantom but do no damage.
The phantom is lightly damaged.
The phantom barely misses you.
You hit the phantom but do no damage.
The phantom is lightly damaged.
The phantom hits you but does no damage.
You barely miss the phantom.
The phantom is lightly damaged.
The phantom closely misses you.
You hit the phantom but do no damage.
The phantom is lightly damaged.
The phantom misses you.
You closely miss the phantom.
The phantom is lightly damaged.
The phantom hits you.
* * * LOW HITPOINT WARNING * * *
Casting: Sting (safe; 1% risk of failure)
Confirm with . or Enter, or press ? or * to list all spells.
Aiming: Sting (safe; 1% risk of failure)
Press: ? - help, Shift-Dir - straight line, f/p - phantom
Aim: a phantom (lightly damaged, 67% to hit)
The sting hits the phantom.
The phantom partially resists.
The phantom is lightly damaged.
The phantom hits you.
* * * LOW HITPOINT WARNING * * *
Casting: Sting (safe; 1% risk of failure)
Confirm with . or Enter, or press ? or * to list all spells.
Aiming: Sting (safe; 1% risk of failure)
Press: ? - help, Shift-Dir - straight line, f/p - phantom
Aim: a phantom (lightly damaged, 67% to hit)
The sting hits the phantom.
The phantom partially resists.
The phantom is lightly damaged.
The phantom hits you.
You die...

#. ... # ...# .#
....## ...
...#..### ....
##.......##.....
....#..........
......)@.......
......W........
#........#..###
#####.....### ##
##.##......#
##...##..##.
###........##.
##.##........##
. ........#....#
..


You could see a phantom.

Vanquished Creatures
  An ogre (D:6)
  An orc priest (D:5)
  An iguana (D:5)
  2 orc wizards
  Robin (D:3)
  4 gnolls (D:2)
  A howler monkey skeleton (D:6)
  2 adders
  A white imp (D:6)
  3 ufetubi
  2 worms (D:3)
  15 orcs
  5 endoplasms
  3 giant cockroaches
  13 goblins
  13 hobgoblins
  4 jackals (D:1)
  6 kobolds
  A quokka (D:2)
  5 ball pythons
  4 bats
  3 frilled lizards
  2 rats
93 creatures vanquished.

Vanquished Creatures (collateral kills)
  An orc (D:3)
1 creature vanquished.

Vanquished Creatures (others)
  3 plants (D:1)
3 creatures vanquished.

Grand Total: 97 creatures vanquished

Notes
Turn   | Place    | Note
-------+----------+-------------------------------------------
     0 | D:1      | voltaire321 the Deep Elf Venom Mage began the quest for the
                  | Orb.
     0 | D:1      | Reached XP level 1. HP: 10/10 MP: 6/6
   239 | D:1      | Found a faded altar of an unknown god.
   384 | D:1      | Identified a scroll of acquirement
   384 | D:1      | Acquired the ring "Ytoot" {Wiz rF+}
   423 | D:1      | Reached XP level 2. HP: 14/15 MP: 4/8
   725 | D:1      | Reached XP level 3. HP: 16/20 MP: 6/9
   732 | D:1      | Learned a level 2 spell: Poisonous Vapours
   736 | D:1      | Learned a level 3 spell: Mephitic Cloud
  1327 | D:2      | Found a hide-covered altar of Uskayaw.
  1594 | D:2      | Reached skill level 1 in Fighting
  1688 | D:2      | Reached XP level 4. HP: 25/25 MP: 2/11
  1738 | D:2      | Reached skill level 1 in Conjurations
  2699 | D:3      | Noticed Grinder
  3034 | D:3      | Found a runed translucent gate.
  3038 | D:3      | Found a runed translucent gate.
  3038 | D:3      | Found a runed translucent gate.
  3038 | D:3      | Noticed Fractals's ghost (amateur TeSu)
  3040 | D:3      | You fall into a shaft and drop 3 floors!
  3074 | D:6      | Reached XP level 5. HP: 20/29 MP: 8/12
  3262 | D:5      | Entered Level 5 of the Dungeon
  3262 | D:5      | Found a shimmering blue altar of Sif Muna.
  3262 | D:5      | Found a shimmering altar of Xom.
  3262 | D:5      | Found an iron altar of Okawaru.
  3262 | D:5      | Found a basalt altar of Yredelemnul.
  3268 | D:5      | Became a worshipper of Sif Muna the Loreminder
  3294 | D:6      | Noticed an ogre
  3310 | D:6      | Killed an ogre
  3544 | D:6      | Noticed a necrophage
  3580 | D:6      | Noticed Maggie
  3800 | D:5      | Reached skill level 1 in Invocations
  3800 | D:5      | Reached XP level 6. HP: 35/35 MP: 3/14
  3948 | D:5      | Learned a level 4 spell: Olgreb's Toxic Radiance
  4045 | D:5      | Found a blossoming altar of Fedhas.
  4489 | D:3      | Noticed Robin
  4498 | D:3      | Killed Robin
  4498 | D:3      | Reached * piety under Sif Muna
  4938 | D:3      | Acquired the ring "Roskeg" {Wiz rElec Dex+2 Stlth-}
  5106 | D:3      | Paralysed by Grinder for 5 turns
  5135 | D:4      | HP: 1/35 [phantom (1)]
  5136 | D:4      | Slain by a phantom

Illustrated notes

Levels and vault maps discovered:
D:1:      wander_arrival_fairy_ring, layout_rooms,
          ebering_ecumenical_altar_abandoned
D:2:      layout_basic, basic_altar, minmay_misc_feat_columns
D:3:      layout_loops_ring, nzn_wu_jian_council_hall, gammafunk_ghost_split,
          uniq_grinder, uniq_robin
D:4:      layout_cave_pools, minmay_door_square, uniq_sigmund
D:5:      layout_layer_cave, nicolae_overflow_hidden_temple, lemuel_round_altar,
          minmay_temple_entry_butterflies, st_stairs_10
D:6:      layout_basic, mainiacjoe_overflow_concentric_impassable, uniq_maggie

Skill      XL: |  1  2  3  4  5  6 |
---------------+-------------------+-----
Dodging        | 3 4 |  4.1
Fighting       | 1 2 |  2.0
Transmutations | 2 3 |  3.0
Conjurations   | 1 2 |  2.2
Poison Magic   | 4 |  4.3
Spellcasting   | 4 |  4.6
Invocations    | 1 |  1.5
Stealth        | |  2.4

Action                   |  1- 3 |  4- 6 || total
-------------------------+-------+-------++-------
Melee: Dagger            |    23 |    56 ||    79
       Flail             |       |     4 ||     4
 Cast: Sting             |    58 |    84 ||   142
       Poisonous Vapours |     9 |    41 ||    50
       Mephitic Cloud    |       |     2 ||     2
  Use: Scroll            |     2 |     5 ||     7
       Potion            |       |     1 ||     1
Armor: Robe              |     4 |     7 ||    11
       Animal skin       |       |     2 ||     2
Dodge: Dodged            |    24 |    63 ||    87
